 Dungeon Crawl Stone Soup version 0.27-a0-1046-g98bf31544f (webtiles) character file.

Game seed: 10276082503051693672

4 Anon1729 the Magician (level 1, -2/16 HPs)
             Began as a Demigod Wanderer on Apr 19, 2021.
             Slain by a gnoll
             ... wielding a +0 spear
              (9 damage)
             ... on level 2 of the Dungeon.
             The game lasted 00:00:53 (352 turns).

Anon1729 the Magician (Demigod Wanderer)             Turns: 352, Time: 00:00:53

Health: -2/16      AC:  3    Str: 13    XL:     1   Next: 40%
Magic:  7/7        EV: 11    Int: 15    God:
Gold:   0          SH:  0    Dex: 12    Spells: 5/7 levels left

rFire    . . .     SeeInvis .   a - +0 short sword
rCold    . . .     Faith    .   (no shield)
rNeg     . . .     Spirit   .   d - +0 robe
rPois    .         Reflect  .   b - +0 helmet
rElec    .         Harm     .   (no cloak)
rCorr    .         Rampage  .   (no gloves)
Will     .....                  (no boots)
Stlth    ++........             (no amulet)
HPRegen  0.05/turn              (no ring)
MPRegen  0.10/turn              (no ring)

@: no status effects
A: high mp 1, forlorn
a: no special abilities


You were on level 2 of the Dungeon.
You visited 1 branch of the dungeon, and saw 2 of its levels.

Inventory:

Hand Weapons
 a - a +0 short sword (weapon)
Armour
 b - a +0 helmet (worn)
 d - a +0 robe (worn)


   Skills:
 + Level 1.5 Fighting
 - Level 1.7 Short Blades
 - Level 1.0 Stealth
 - Level 3.6 Spellcasting
 - Level 1.0 Fire Magic
 - Level 1.0 Evocations


You had 5 spell levels left.
You knew the following spells:

 Your Spells              Type           Power      Damage    Failure   Level
a - Sandblast             Erth           4%         2d4       19%         1
b - Magic Dart            Conj           8%         1d3       19%         1

Your spell library contained the following spells:

 Spells                   Type           Power      Damage    Failure   Level
 Blink                    Tloc           N/A        N/A       28%         2
 Call Imp                 Summ           2%         N/A       28%         2
 Slow                     Hex            2%         N/A       28%         2
 Conjure Flame            Conj/Fire      4%         6-21      43%         3
 Mephitic Cloud           Conj/Pois/Air  2%         N/A       50%         3
 Stone Arrow              Conj/Erth      4%         3d7       50%         3


Dungeon Overview and Level Annotations

Branches:
Dungeon (1/15)


Innate Abilities, Weirdness & Mutations

Your attributes grow dramatically as you level up.
You have an increased reservoir of magic. (+10% MP)
You shall have no god before yourself.


Message History

Sorry, you're not good enough to have a special ability.
You don't know any spells.
Things that are here:
a +0 short sword; a kobold corpse You fall into a shaft and drop 1 floor!
The shaft crumbles and collapses.
Found 20 arrows and a helmet.
Found an escape hatch in the ceiling and an escape hatch in the floor.
Found a stone staircase leading up.
You see here a +0 helmet.
You start putting on your armour.
You continue putting on your +0 helmet. x4
You finish putting on your +0 helmet.
Memorise Sandblast, consuming 1 spell level and leaving 6?
You start memorising the spell.
You continue memorising.
You finish memorising.
Spell assigned to 'a'.
Memorise Magic Dart, consuming 1 spell level and leaving 5?
You start memorising the spell.
You continue memorising.
You finish memorising.
Spell assigned to 'b'.
You start resting.
HP restored.
A gnoll comes into view. It is wielding a +0 spear.
The gnoll shouts!
You hear an angry hiss.
A gnoll comes into view. It is wielding a +0 flail.
There are monsters nearby!
There are monsters nearby!
A ball python comes into view.
A gnoll comes into view. It is wielding a +0 spear.
The gnoll shouts!
You hear a shout! x2
A gnoll comes into view. It is wielding a +0 spear.
The gnoll barely misses you.
The gnoll throws a throwing net.
The throwing net closely misses you. The gnoll barely misses you.
The gnoll barely misses you.
The gnoll hits you from afar with a +0 spear.
The gnoll hits you from afar with a +0 spear.
The gnoll closely misses you.
There is a stone staircase leading up here.
The gnoll hits you from afar with a +0 spear!
Ouch! That really hurt!
You die...

..............#
.#........>...#
..............#
..#..<.......#
..#...g..(...#
#...g......#
...#..gg....###
.......S....#
...#..#@....#
...##.......#
## ##.#...## ..
..... ...
...### #...
...# ###. ...#
#. ...#


You could see 4 gnolls and a ball python.

Vanquished Creatures
  A bat (D:1)
  A frilled lizard (D:1)
  3 kobolds (D:1)
5 creatures vanquished.

Notes
Turn   | Place    | Note
-------+----------+-------------------------------------------
     0 | D:1      | Anon1729 the Demigod Wanderer began the quest for the Orb.
     0 | D:1      | Anon1729 set off with the following items: a +0 short
                  | sword, a +0 robe; and the following spells available to
                  | memorise: Magic Dart, Sandblast, Blink, Call Imp, Slow,
                  | Conjure Flame, Mephitic Cloud, Stone Arrow
     0 | D:1      | Reached XP level 1. HP: 16/16 MP: 7/7
   150 | D:1      | You fall into a shaft and drop 1 floor!
   163 | D:2      | Learned a level 1 spell: Sandblast
   165 | D:2      | Learned a level 1 spell: Magic Dart
   352 | D:2      | Slain by a gnoll

Illustrated notes

Levels and vault maps discovered:
D:1:      minmay_arrival_cross, layout_basic, serial_shops, shop,
          chequers_ecumenical_altar_simple_redux, minmay_pentomino_p2
D:2:      layout_rooms, basic_altar, grunt_decor_clamped

Action                   || total
-------------------------++-------
Melee: Short sword       ||    19
Armor: Robe              ||     3
Dodge: Dodged            ||    17

Table legend: (Time is in decaauts)
 A = Elapsed time spent in this place.
 B = Non-inter-level travel time spent in this place.
 C = Inter-level travel time spent in this place.
 D = Time resting spent in this place.
 E = Time spent auto-exploring this place.
 F = Levels seen in this place.
 G = Mean time per level.
                   A        B        C        D        E       F      G
               +--------+--------+--------+--------+--------+-----+--------+
         Total |    352 |    352 |      0 |    175 |     80 |   2 |  176.0 |
       Dungeon |    352 |    352 |      0 |    175 |     80 |   2 |  176.0 |
               +--------+--------+--------+--------+--------+-----+--------+

Top non-repeatable levels by time:
     D:2: 201 daAuts
     D:1: 150 daAuts
